 Dungeon Crawl Stone Soup version 0.22.1-1-ga44c0e5 (webtiles) character file.

1792 brandon the Thaumaturge (level 8, -2/44 HPs)
             Began as a Deep Elf Fire Elementalist on Oct 6, 2018.
             Slain by an orc
             ... wielding a cursed -1 mace
              (6 damage)
             ... on level 6 of the Dungeon.
             The game lasted 00:14:18 (6345 turns).

brandon the Thaumaturge (DEFE)                      Turns: 6345, Time: 00:14:19

Health: -2/44      AC:  3    Str:  5    XL:     8   Next: 82%
Magic:  2/23       EV: 13    Int: 23    God:
Gold:   165        SH:  0    Dex: 15    Spells: 11/26 levels left

rFire    . . .     SeeInvis .   k - +1 dagger (venom)
rCold    . . .     Gourm    .   (no shield)
rNeg     . . .     Faith    .   a - +0 robe
rPois    .         Spirit   .   (no helmet)
rElec    .         Reflect  .   (no cloak)
rCorr    .         Harm     .   s - +0 pair of gloves
MR       .....                  (no boots)
Stlth    +++.......             (no amulet)
HPRegen  0.14/turn              (no ring)
MPRegen  0.18/turn              (no ring)

@: no status effects
A: no striking features
a: no special abilities


You were on level 6 of the Dungeon.
You were near starving.

You visited 1 branch of the dungeon, and saw 6 of its levels.

You collected 165 gold pieces.

Inventory:

Hand Weapons
 k - a +1 dagger of venom (weapon)
Armour
 a - a +0 robe (worn)
 s - a +0 pair of gloves (worn)
Jewellery
 h - an uncursed amulet of harm {unknown}
 o - a +4 ring of dexterity {unknown}
Wands
 w - a wand of iceblast (5)
Scrolls
 b - 3 scrolls of identify {unknown}
 d - 2 scrolls of enchant weapon {unknown}
 e - a scroll of magic mapping
 f - 2 scrolls of enchant armour {unknown}
 g - 3 scrolls of remove curse {unknown}
 m - a scroll of random uselessness {unknown}
 n - 2 scrolls of teleportation {unknown}
 r - a scroll of blinking {unknown}
 u - a scroll of noise {unknown}
Potions
 i - 3 potions of flight {unknown}
 j - 2 potions of degeneration {unknown}
 l - a potion of brilliance {unknown}
 p - a potion of berserk rage {unknown}
 q - a potion of agility {unknown}
 t - a potion of mutation {unknown}
 v - a potion of haste {unknown}
 x - a potion of curing {unknown}
Comestibles
 c - 11 rations


   Skills:
 + Level 2.2 Fighting
 - Level 2.4 Dodging
 - Level 4.2 Stealth
 + Level 9.5 Spellcasting
 * Level 6.7 Conjurations
 + Level 6.7 Fire Magic


You had 11 spell levels left.
You knew the following spells:

 Your Spells              Type           Power        Failure   Level  Hunger
a - Flame Tongue          Conj/Fire      #####        1%          1    None
b - Throw Flame           Conj/Fire      #####.       1%          2    None
c - Conjure Flame         Conj/Fire      #####...     1%          3    None
d - Sticky Flame          Conj/Fire      #####...     3%          4    ##.....
e - Fireball              Conj/Fire      #####.....   11%         5    ####...

Your spell library contained the following spells:

 Spells                   Type           Power        Failure   Level  Hunger
 Inner Flame              Hex/Fire       ####....     4%          3    None


Dungeon Overview and Level Annotations

Branches:
Dungeon (6/15)
 Temple: D:4-7

Altars:
Ashenzari
Sif Muna
Uskayaw
Wu Jian

Shops:
D:5 }


Message History

Aiming: Flame Tongue (safe; 1% risk of failure)
Press: ? - help, Shift-Dir - straight line, f - orc priest
Aim: an orc priest, wielding a hand axe of electrocution (almost dead, The flame tongue hits the orc.
The orc is severely wounded.
You kill the orc!
Unknown command.
You hit the orc priest.
You kill the orc priest!
Your life force feels restored.
Unknown command.
Casting: Flame Tongue (safe; 1% risk of failure)
Confirm with . or Enter, or press ? or * to list all spells.
Aiming: Flame Tongue (safe; 1% risk of failure)
Press: ? - help, Shift-Dir - straight line, f - orc
Aim: an orc, wielding an enchanted mace The flame tongue hits the orc.
The orc is heavily wounded.
The orc hits you with an enchanted mace.
You die...

#..####......#..# #
..#......#..# #.
#.#..._.....##
#.###.#..........##
#........†........#
###...####.........
#..... +.).......
##...####†..$.....
#....o@..#.......#
#)##.###.##.....##
#. #.# #.# #.(.##
..# #.# #+## ####
#.# #.# #.# ..#


You could see an orc.

Vanquished Creatures
  Pikel (D:5)
  Menkaure (D:4)
  Edmund (D:4)
  An orc warrior (D:6)
  2 ogres (D:4)
  A centaur (D:5)
  Blork the orc (D:4)
  A scorpion (D:4)
  A crimson imp (D:5)
  A centaur zombie (D:5)
  A centaur skeleton (D:5)
  3 orc priests
  5 orc wizards
  Natasha (twice) (D:3)
  2 iguanas (D:5)
  A worker ant (D:6)
  A hound zombie (D:6)
  A hound skeleton (D:5)
  A worker ant zombie (D:5)
  3 gnolls (D:5)
  7 adders
  An adder skeleton (D:2)
  An adder zombie (D:2)
  A worm (D:2)
  A leopard gecko (D:5)
  17 orcs
  A bat skeleton (D:2)
  A bat zombie (D:2)
  6 giant cockroaches
  7 goblins
  6 hobgoblins
  4 jackals (D:5)
  3 ball pythons
  7 bats
  6 frilled lizards
  3 kobolds
  A quokka skeleton (D:2)
  A rat (D:2)
105 creatures vanquished.

Notes
Turn   | Place    | Note
-------+----------+-------------------------------------------
     0 | D:1      | brandon the Deep Elf Fire Elementalist began the quest for
                  | the Orb.
     0 | D:1      | Reached XP level 1. HP: 10/10 MP: 6/6
   252 | D:1      | Reached XP level 2. HP: 15/15 MP: 6/8
   270 | D:1      | Learned a level 2 spell: Throw Flame
  1219 | D:2      | Reached XP level 3. HP: 17/19 MP: 6/10
  1241 | D:2      | Learned a level 3 spell: Conjure Flame
  1573 | D:2      | Reached skill level 4 in Spellcasting
  1722 | D:2      | Found a hide-covered altar of Uskayaw.
  2024 | D:2      | Found an ornate altar of the Wu Jian Council.
  2228 | D:3      | Reached XP level 4. HP: 18/24 MP: 6/12
  2405 | D:3      | Learned a level 4 spell: Sticky Flame
  2602 | D:3      | Noticed Natasha
  2618 | D:3      | Killed Natasha
  2788 | D:3      | Noticed Natasha
  3003 | D:3      | Killed Natasha
  3003 | D:3      | Reached skill level 5 in Spellcasting
  3003 | D:3      | Reached XP level 5. HP: 19/28 MP: 1/14
  3657 | D:4      | Noticed an ogre
  3709 | D:4      | Killed an ogre
  3778 | D:4      | Learned a level 5 spell: Fireball
  3794 | D:4      | Reached XP level 6. HP: 32/32 MP: 10/16
  3867 | D:4      | Noticed Edmund
  3925 | D:4      | Killed Edmund
  3925 | D:4      | Reached skill level 6 in Spellcasting
  4163 | D:4      | Noticed Blork the orc
  4189 | D:4      | Killed Blork the orc
  4189 | D:4      | Reached skill level 7 in Spellcasting
  4189 | D:4      | Reached XP level 7. HP: 13/36 MP: 0/19
  4400 | D:4      | Noticed Menkaure
  4418 | D:4      | Killed Menkaure
  4418 | D:4      | Reached skill level 5 in Fire Magic
  4965 | D:4      | Found a shattered altar of Ashenzari.
  5087 | D:5      | Entered Level 5 of the Dungeon
  5193 | D:5      | Reached skill level 8 in Spellcasting
  5683 | D:5      | Found Otout's Gadget Boutique.
  5703 | D:5      | Reached XP level 8. HP: 41/41 MP: 16/22
  5875 | D:5      | Reached skill level 5 in Conjurations
  5878 | D:5      | Noticed Pikel
  6190 | D:5      | Killed Pikel
  6190 | D:5      | Reached skill level 1 in Fighting
  6190 | D:5      | Reached skill level 9 in Spellcasting
  6273 | D:6      | Found a deep blue altar of Sif Muna.
  6345 | D:6      | Slain by an orc

Skill      XL: |  1  2  3  4  5  6  7  8 |
---------------+-------------------------+-----
Stealth        | 3 4 |  4.2
Spellcasting   | 4 5 7 8 9 |  9.5
Conjurations   | 2 3 4 6 |  6.7
Fire Magic     | 4 5 6 |  6.7
Fighting       | 2 |  2.2
Dodging        | |  2.4

Action                   |  1- 3 |  4- 6 |  7- 9 || total
-------------------------+-------+-------+-------++-------
Melee: Dagger            |     6 |    26 |    35 ||    67
       Hand axe          |     2 |       |       ||     2
 Cast: Flame Tongue      |    41 |    46 |    49 ||   136
       Throw Flame       |    25 |    18 |    18 ||    61
       Sticky Flame      |       |     6 |     9 ||    15
       Conjure Flame     |       |     3 |     7 ||    10
       Fireball          |       |       |     6 ||     6
  Use: Scroll            |       |     1 |       ||     1
  Eat: Chunk             |     4 |     7 |     7 ||    18
Armor: Robe              |     4 |       |    10 ||    14
Dodge: Dodged            |    25 |    31 |    27 ||    83
